 Dungeon Crawl Stone Soup version 0.20-a0-1116-gaa52201 (webtiles) character file.

192 grindst0ne the Skirmisher (level 5, -4/64 HPs)
             Began as a Demonspawn Berserker on May 7, 2017.
             Was a Believer of Trog.
             Slain by grindst0ne's ghost (6 damage)
             ... on level 3 of the Dungeon.
             The game lasted 00:08:18 (3958 turns).

grindst0ne the Skirmisher (Demonspawn Berserker)    Turns: 3958, Time: 00:08:19

Health: -4/64      AC:  8    Str: 23    XL:     5   Next: 42%
Magic:  5/5        EV: 11    Int:  8    God:    Trog [**....]
Gold:   93         SH:  0    Dex: 13    Spells: 4/4 levels left

rFire    + . .     SeeInvis .   a - +0 mace
rCold    . . .     Gourm    .   (no shield)
rNeg     . . .     Faith    .   i - +1 ring mail {rF+}
rPois    .         Spirit   .   (helmet restricted)
rElec    .         Reflect  .   k - +0 cloak
rCorr    .         Harm     .   (no gloves)
MR       .....                  (no boots)
Stlth    ..........             (no amulet)
Regen    0.2/turn               (no ring)
MPRegen  0.1/turn               (no ring)

@: berserking (expiring), very quick
A: antennae 2
a: Berserk, Trog's Hand, Burn Spellbooks, Renounce Religion


You were on level 3 of the Dungeon.
You worshipped Trog.
Trog was pleased with you.
You were hungry.

You visited 1 branch of the dungeon, and saw 3 of its levels.

You collected 93 gold pieces.

Inventory:

Hand Weapons
 a - a +0 mace (weapon)
Armour
 b - a +0 animal skin
 f - a +1 animal skin
 h - a +0 chain mail
 i - a +1 ring mail of fire resistance (worn)
 k - a +0 cloak (worn)
Jewellery
 c - a +3 ring of evasion {unknown}
Scrolls
 e - a scroll of remove curse {unknown}
 j - 3 scrolls of fear {unknown}
Comestibles
 d - a meat ration
 g - a bread ration
 l - 4 chunks of flesh
 m - a royal jelly


   Skills:
 + Level 4.9 Fighting
 - Level 2.6 Maces & Flails
 + Level 3.8 Armour
 - Level 1.7 Dodging


You had 4 spell levels left.
You didn't know any spells.

Dungeon Overview and Level Annotations

Branches:
Dungeon (3/15)

Altars:

Annotations:
D:3 grindst0ne's ghost, amateur DsGl


Innate Abilities, Weirdness & Mutations

You have a pair of antennae on your head.


Message History

Grindst0ne's ghost hits you but does no damage.
You thump grindst0ne's ghost!
Grindst0ne's ghost is heavily damaged.
Grindst0ne's ghost keens inconsolably.
Grindst0ne's ghost hits you!
* * * LOW HITPOINT WARNING * * *
You barely miss grindst0ne's ghost.
Grindst0ne's ghost is heavily damaged.
Grindst0ne's ghost hits you.
* * * LOW HITPOINT WARNING * * *
You sock grindst0ne's ghost!
Grindst0ne's ghost is severely damaged.
Grindst0ne's ghost ripples.
Grindst0ne's ghost hits you!
* * * LOW HITPOINT WARNING * * *
(D) Dungeon
Where to? (Enter - D:3, ? - help) Grindst0ne's ghost is nearby!
Grindst0ne's ghost hits you.
You die...

....#...........#.#...........
....#..................# ..#
....##.###.......###...#....
....... ..................#
#...... .......#...(...#.#..
......................# #..
... ...........#####+#..
.......W).####.....
.###...@..#........ #
#........(........
#.#....)............ .#
#.#.................
.''#......#+###........
........###....[.......
........##...........##
...............#.....#
.......o..........#....


You could see grindst0ne's ghost.

Vanquished Creatures
  An orc priest (D:3)
  An orc wizard (D:3)
  Robin (D:2)
  5 adders
  A dart slug (D:2)
  4 orcs (D:3)
  7 bats
  4 giant cockroaches
  12 goblins
  11 hobgoblins
  7 jackals
  3 quokkas
  A ball python (D:2)
  A frilled lizard (D:1)
  4 kobolds
  2 rats
65 creatures vanquished.

Notes
Turn   | Place    | Note
-------+----------+-------------------------------------------
     0 | D:1      | grindst0ne the Demonspawn Berserker began the quest for the Orb.
     0 | D:1      | Reached XP level 1. HP: 18/18 MP: 1/1
   248 | D:1      | Gained mutation: You have a pair of small antennae on your head. [demonic ancestry]
   248 | D:1      | Reached XP level 2. HP: 14/24 MP: 2/2
  1251 | D:2      | Reached XP level 3. HP: 14/30 MP: 3/3
  1470 | D:2      | Noticed Robin
  1495 | D:1      | HP: 1/30 [hobgoblin[Robin] (1)]
  1959 | D:1      | Reached ** piety under Trog
  2528 | D:2      | Killed Robin
  2528 | D:2      | Reached skill level 4 in Fighting
  2583 | D:2      | Reached XP level 4. HP: 7/37 MP: 4/4
  3146 | D:2      | HP: 1/37 [poisoned by an adder]
  3151 | D:2      | HP: 1/55 [poisoned by an adder]
  3438 | D:3      | Gained mutation: You have a pair of antennae on your head. [demonic ancestry]
  3438 | D:3      | Reached XP level 5. HP: 43/43 MP: 5/5
  3882 | D:3      | Noticed grindst0ne's ghost (amateur DsGl)
  3957 | D:3      | HP: 2/64 [grindst0ne's ghost (10)]
  3958 | D:3      | Slain by grindst0ne's ghost

Vault maps used:
D:1:      dpeg_arrival_tiny_c
D:2:      uniq_robin
D:3:      minmay_roachtagon, first_bread, uniq_jessica

Skill      XL: |  1  2  3 |
---------------+----------+-----
Armour         | 2 3 |  3.8
Fighting       | 4 |  4.9
Maces & Flails | |  2.6
Dodging        | |  1.7

Action                   |  1- 3 |  4- 6 || total
-------------------------+-------+-------++-------
Melee: Mace              |   131 |   136 ||   267
Invok: Berserk           |     5 |     7 ||    12
  Use: Potion            |       |     2 ||     2
  Eat: Chunk             |     6 |    10 ||    16
       Bread ration      |     1 |       ||     1
Armor: Animal skin       |    26 |     1 ||    27
       Chain mail        |       |    84 ||    84
       Ring mail         |       |    34 ||    34
Dodge: Dodged            |   122 |   107 ||   229
